 Dungeon Crawl Stone Soup version 0.20.1-1-g8b1a95d (webtiles) character file.

438026 Nattfarinn the Shatterer (level 23, -15/173 HPs)
             Began as a Gargoyle Berserker on Aug 4, 2017.
             Was the Champion of Trog.
             Demolished by the Enchantress
             ... wielding a +1 demon whip of distortion
              (23 damage)
             ... on level 2 of the Depths.
             The game lasted 03:18:10 (46800 turns).

Nattfarinn the Shatterer (Gargoyle Berserker)      Turns: 46800, Time: 03:18:11

Health: -15/173    AC: 54    Str: 25      XL:     23   Next: 71%
Magic:  7/7        EV: 16    Int: 15 (17) God:    Trog [******]
Gold:   572        SH:  0    Dex: 16      Spells: 22/22 levels left

rFire    + . .     SeeInvis .   X - +9 eveningstar (antimagic)
rCold    + + .     Gourm    +   P - +1 shield {rC+}
rNeg     + + .     Faith    .   e - +1 plate armour "Jerof" {rPois Str+2}
rPois    ∞         Spirit   .   O - -2 hat of the Alchemist {rElec rPois rF+ rC+ rN+ MR+ rMut rCorr}
rElec    +         Reflect  .   Z - +2 cloak "Bocinamm" {Regen+ Int+4}
rCorr    +         Harm     .   C - +5 pair of gloves "Ammits" {Int+2}
rMut     +                      R - +0 pair of boots {run}
MR       ++...                  H - amulet of the gourmand
Stlth    ..........             M - +2 ring of slaying
Regen    0.8/turn               N - +5 ring of protection
MPRegen  0.1/turn

@: confused, flying, very slightly contaminated, quick
A: big wings, yellow scales 1, blurry vision 1, clever 1, negative energy
resistance 1, sense surroundings 1, robust 1, electricity resistance,
unbreathing, petrification resistance, rot immunity, AC +17
}: 3/15 runes: barnacled, abyssal, gossamer
a: Stop Flying, Berserk, Trog's Hand, Brothers in Arms, Burn Spellbooks,
Renounce Religion


You were on level 2 of the Depths.
You worshipped Trog.
Trog was exalted by your worship.
You were not hungry.

You visited 7 branches of the dungeon, and saw 37 of its levels.
You visited the Abyss 1 time.
You also visited: Labyrinth, Ice Cave and Volcano.

You collected 4398 gold pieces.
You spent 3826 gold pieces at shops.

Inventory:

Hand Weapons
 r - a +1 antimagic mace
 w - the +8 trident of Truth {speed, +Inv MR+ Str-5 Stlth+, unknown}
   (You found it on level 3 of the Spider Nest)

   Attacks with this weapon are significantly faster.
   It affects your strength (-5).
   It affects your resistance to hostile enchantments.
   It lets you turn invisible.
   It makes you more stealthy.
 x - a +2 eveningstar of protection
 G - a +3 sacred scourge of holy wrath
 X - a +9 antimagic eveningstar (weapon)
Armour
 e - the +1 plate armour "Jerof" (worn) {rPois Str+2}
   (You bought it in a shop on level 2 of the Orcish Mines)

   It affects your strength (+2).
   It protects you from poison.
 C - the +5 pair of gloves "Ammits" (worn) {Int+2}
   (You found it on level 11 of the Dungeon)

   It affects your intelligence (+2).
 O - the -2 hat of the Alchemist (worn) {rElec rPois rF+ rC+ rN+ MR+ rMut rCorr}
   (You bought it in a shop on level 2 of the Orcish Mines)

   It protects you from fire.
   It protects you from cold.
   It insulates you from electricity.
   It protects you from poison.
   It protects you from negative energy.
   It affects your resistance to hostile enchantments.
   It protects you from acid and corrosion.
   It protects you from mutation.
 P - a +1 shield of cold resistance (worn)
 R - a +0 pair of boots of running (worn)
 Z - the +2 cloak "Bocinamm" (worn) {Regen+ Int+4}
   (You found it in a labyrinth)

   It affects your intelligence (+4).
   It increases your rate of regeneration.
Jewellery
 q - a cursed amulet of inaccuracy {unknown}
 v - an uncursed amulet of guardian spirit {unknown}
 D - an uncursed ring of positive energy
 E - an uncursed amulet of regeneration
 H - an amulet of the gourmand (around neck)
 I - an uncursed amulet of guardian spirit {unknown}
 M - a +2 ring of slaying (left hand)
 N - a +5 ring of protection (right hand)
 S - a cursed amulet of inaccuracy {unknown}
Wands
 a - a wand of confusion (23/48)
Scrolls
 f - 6 scrolls of magic mapping
 g - 16 scrolls of teleportation
 n - 5 scrolls of fear
 u - 2 scrolls of immolation
 y - 16 scrolls of remove curse
 A - 2 scrolls of identify
 F - 5 scrolls of recharging
 Q - 3 scrolls of fog
 T - a scroll of torment {unknown}
 V - 8 scrolls of enchant armour
 W - a scroll of holy word {unknown}
 Y - 4 scrolls of summoning
Potions
 b - 4 potions of ambrosia
 d - 6 potions of flight
 i - 6 potions of brilliance
 j - 2 potions of agility
 k - 3 potions of might
 p - 7 potions of mutation
 s - a potion of berserk rage {unknown}
 t - 7 potions of lignification
 z - 12 potions of curing
 B - 2 potions of magic {unknown}
 L - 3 potions of cancellation
Miscellaneous
 U - a phial of floods
Comestibles
 c - 21 bread rations
 h - 18 meat rations
 m - 28 royal jellies
 K - 20 fruits


   Skills:
 - Level 20.5 Fighting
 - Level 22.1 Maces & Flails
 * Level 19.2 Armour
 - Level 14.0 Dodging
 - Level 15.7 Shields


You had 22 spell levels left.
You didn't know any spells.

Dungeon Overview and Level Annotations

Branches:
Dungeon (15/15)            Temple (0/1) D:5            Lair (6/6) D:9
 Shoals (4/4) Lair:2       Spider (4/4) Lair:2        Slime (0/5) Lair:6
    Orc (2/2) D:12            Elf (0/3) Orc:2        Vaults (4/5) D:13
  Crypt (0/3) Vaults:3     Depths (2/5) D:15

Altars:
Dithmenos
Gozag
Nemelex Xobeh
Okawaru
Ru
Sif Muna
Trog
Vehumet
Xom
Zin
The Shining One
Beogh

Shops:
D:5 !   D:7 *%   D:15 :   Orc:1 [   Orc:2 [*(!:   Shoals:1 [   Shoals:3 }}(*
Shoals:4 *   Vaults:1 [[:*}   Vaults:2 ?   Vaults:3 (   Vaults:4 ?

Portals:
Hell: Depths:1
Pandemonium: Depths:1
Trove: D:15 (show abyssal rune of Zot)

Annotations:
D:8 exclusion: statue
Depths:2 exclusion: 2 statues, the Enchantress


Innate Abilities, Weirdness & Mutations

You are resistant to torment.
Your stone body is resilient. (AC +17)
You are immune to poison.
Your large and strong wings let you fly indefinitely.
You resist negative energy. (rN+)
You are resistant to electric shocks. (rElec)
You can survive without breathing.
You are immune to petrification.
You are immune to rotting.
You are partially covered in yellow scales. (AC +2)
Scrolls take you a little longer to read.
Your mind is acute. (Int +2)
You passively map a small area around you.
You are robust. (+10% HP)


Message History

a demon whip of venom; a robe; a buckler; a spriggan corpse Your cyclops goes berserk!
You feel somewhat more hungry.
Your skin stops crawling.
You feel less resistant to hostile enchantments.
You hear an angry growl.
Your cyclops looks sick.
You hear a grinding noise.
You block the spriggan rider's attack. Something hits you but does no damage.
Something blocks your attack.
Your cyclops looks sick.
You hear a grinding noise.
The spriggan rider hits you but does no damage.
Something hits you.
* * * LOW HITPOINT WARNING * * *
Space warps horribly around you!
* * * LOW HITPOINT WARNING * * *
You are confused.
You feel invigorated.
Your cyclops hits the spriggan rider!!! Something hits you but does no damage.
Space warps horribly around you!
You die...

#.####....##...#.#
#.## #.## #....#
#.i#.. #..####8
...###.####.##.#.#
#<.##8## .#...#.#
#..#.#.# ##..)..#
####...# .x#.#.#
#..)... #####
,T..T.# ##....#
,#i#i## ###8##
#i.iC#* ### *
#h#@# #i#C.# ,,
#C#i#.# #.#.##.# *
#...# ## #.#.#
##### + , *


You could see 2 spriggan defenders, a spriggan rider, a deep troll, an ancient
zyme, a spriggan air mage, a deep troll earth mage, a spriggan and 2 friendly
cyclopes.

Vanquished Creatures
  An ancient lich (Abyss:3)
  Mennas (Vaults:3)
  Nikola (Spider:3)
  3 bone dragons
  Arachne (Spider:2)
  Jorgrun (Spider:3)
  2 liches
  A tentacled monstrosity (Abyss:3)
  Polyphemus (Shoals:2)
  A titan (Vaults:4)
  Gastronok (D:10)
  9 tentacled starspawn
  2 tengu reavers
  A nagaraja (Abyss:3)
  3 frost giants
  Ilsuiw (Shoals:4)
  2 orc warlords (Orc:2)
  10 vault wardens
  5 ghost moths
  2 fire giants
  An angel (Abyss:3)
  3 emperor scorpions
  A spriggan defender (Depths:2)
  6 very ugly things
  10 ironheart preservers
  4 entropy weavers
  2 deep elf demonologists (Vaults:2)
  8 stone giants
  A red draconian (Volcano)
  4 spark wasps (Spider:4)
  7 ettins
  2 green deaths (Abyss:3)
  An eidolon (Abyss:3)
  6 merfolk impalers
  2 merfolk javelineers
  A crystal guardian (Vaults:3)
  5 fire dragons
  3 yaktaur captains
  14 vault guards
  2 naga warriors (Abyss:3)
  8 great orbs of eyes
  5 rakshasas
  4 hydras
  Fannar (D:10)
  3 ice dragons
  A spriggan air mage (Depths:2)
  Erica (D:9)
  6 catoblepae
  6 merfolk aquamancers
  10 centaur warriors
  6 deep troll shamans
  3 dancing weapons (Abyss:3)
  10 death yaks
  A death knight (Vaults:3)
  A two-headed ogre (shapeshifter) (Vaults:4)
  11 ogre magi
  3 satyrs
  41 two-headed ogres
  3 tengu warriors
  2 death scarabs (Spider:4)
  10 thrashing horrors
  2 vampire magi
  2 hell hogs (Abyss:3)
  5 deep troll earth magi
  Urug (Lair:3)
  A storm dragon zombie (Abyss:2)
  2 sun demons
  A soul eater (Abyss:3)
  The ghost of oldnick the Covert, a novice OpVM of Vehumet (D:9)
  12 skeletal warriors
  12 wretched stars (Abyss:3)
  A salamander mystic (Volcano)
  A death drake (Abyss:3)
  2 iron trolls
  6 spatial maelstroms
  6 sea snakes
  A death drake (shapeshifter) (Depths:1)
  An infernal demonspawn (Depths:1)
  3 shadow wraiths
  3 sixfirhies
  An unseen horror (Abyss:3)
  A swamp dragon (Abyss:3)
  A flayed ghost (Vaults:4)
  14 ironbrand convokers
  14 deep trolls
  4 glowing orange brains
  2 wizards
  Pikel (D:6)
  6 harpies
  2 deep elf archers (Vaults:2)
  10 orc knights
  A spectral wolf spider (Spider:4)
  A phantasmal warrior (Vaults:2)
  A lindwurm (Lair:6)
  2 harpies (shapeshifter)
  3 necromancers
  12 orb spiders
  A tengu zombie (Vaults:2)
  17 manticores
  9 fauns
  5 orc sorcerers (Orc:2)
  3 deep elf magi
  3 stone giant zombies
  34 ugly things
  38 wolf spiders
  13 cyclopes
  A shining eye (Abyss:3)
  10 worldbinders
  4 salamanders (Volcano)
  4 moths of wrath
  4 black mambas
  8 merfolk sirens
  An orange demon (Abyss:3)
  3 apocalypse crabs (Abyss:3)
  An eye of devastation (shapeshifter) (Vaults:4)
  Maurice (D:8)
  18 elephants
  8 water nymphs
  2 guardian serpents (Abyss:3)
  13 smoke demons
  2 molten gargoyles (Volcano)
  9 vault sentinels
  2 centaur skeletons
  2 ice statues (IceCv)
  A torpor snail (Spider:2)
  An eye of devastation (Abyss:3)
  3 gargoyles
  A spiny frog (shapeshifter) (Depths:2)
  12 komodo dragons
  A spiny frog (Lair:6)
  A rime drake (Lair:5)
  14 demonic crawlers
  A redback zombie (D:15)
  A spectral redback (Spider:4)
  2 tormentors
  A rime drake (shapeshifter) (Vaults:2)
  4 efreet
  2 kobold demonologists
  2 ice devils (D:12)
  7 freezing wraiths
  33 yaktaurs
  6 ancient zymes (Abyss:3)
  2 yaktaur skeletons (Vaults:1)
  A queen bee (Spider:2)
  A merfolk (shapeshifter) (Vaults:2)
  27 merfolk
  39 jumping spiders
  A meliai (shapeshifter) (Vaults:2)
  3 polar bears
  A spectral jumping spider (Spider:4)
  5 wind drakes
  3 meliai (Spider:2)
  10 trolls
  23 raiju
  23 large abominations
  A harpy skeleton (Vaults:1)
  4 spectral tarantellas (Spider:4)
  2 human simulacra
  9 snapping turtles
  6 hornets
  7 blink frogs
  11 hippogriffs
  34 slime creatures
  37 dream sheep
  A tarantella zombie (Spider:4)
  A fire dragon zombie (D:15)
  2 hippogriffs (shapeshifter)
  A jumping spider zombie (Spider:4)
  A fire dragon skeleton (D:15)
  A shadow (D:11)
  35 starcursed masses
  A tarantella (shapeshifter) (Vaults:1)
  3 vampires
  4 air elementals
  An ettin skeleton (D:15)
  19 water elementals
  38 tarantellas
  4 wraiths
  3 wyverns
  74 redbacks
  4 spriggans
  7 fire bats
  49 yaks
  3 ynoxinuls (Abyss:3)
  3 humans (shapeshifter)
  A fire elemental (Abyss:3)
  4 golden eyes (Abyss:3)
  3 chaos spawn
  4 neqoxecs
  A steam dragon (shapeshifter) (Vaults:3)
  3 basilisks
  2 hogs (D:14)
  2 steam dragons
  4 hungry ghosts
  13 vampire mosquitoes
  3 spatial vortices
  2 acid dragons
  An insubstantial wisp (Abyss:3)
  An acid dragon (shapeshifter) (Depths:1)
  8 wargs
  A floating eye (Abyss:3)
  10 water moccasins
  A hell hound (Abyss:3)
  7 porcupines
  6 sky beasts
  4 slaves (D:6)
  37 orc warriors
  11 ice beasts
  6 black bears
  32 ogres
  A phantom (D:4)
  10 wolves
  9 boggarts
  2 eyes of draining
  20 small abominations
  18 centaurs
  7 crocodiles
  6 big kobolds
  A wyvern zombie (D:14)
  13 bullfrogs
  An earth elemental (Abyss:3)
  3 wyvern skeletons
  A scorpion (shapeshifter) (Vaults:2)
  30 scorpions
  11 killer bees (Spider:2)
  13 wights (D:7)
  7 howler monkeys
  4 electric eels
  5 crimson imps
  6 lava snakes (Volcano)
  4 quasits
  3 bullfrog zombies
  5 centaur zombies
  3 bullfrog skeletons
  3 iron imps (Abyss:3)
  8 orc priests
  9 hounds
  8 jellies
  12 orc wizards
  6 iguanas
  An iguana (shapeshifter) (D:13)
  14 worker ants
  4 hell rats (Lair:5)
  A hound zombie (D:8)
  2 worker ant zombies
  13 gnolls
  17 adders
  9 shadow imps
  3 white imps
  3 ufetubi
  6 oozes
  2 adder skeletons
  5 worms
  2 dart slugs
  4 leopard geckos
  71 orcs
  3 giant cockroaches
  13 goblins
  7 hobgoblins
  16 jackals
  5 quokkas
  2 ball pythons
  7 bats
  8 frilled lizards
  25 kobolds
  A leopard gecko skeleton (D:6)
  7 rats
  A butterfly (Lair:6)
  A lurking horror (Abyss:3)
  A plant (Lair:6)
  A starspawn tentacle (Abyss:3)
1872 creatures vanquished.

Vanquished Creatures (collateral kills)
  Rupert (D:12)
  Kirke (D:14)
  A sphinx (Depths:2)
  Donald (Orc:2)
  Louise (Spider:3)
  An orc warlord (Orc:2)
  3 emperor scorpions (Spider:4)
  3 stone giants
  The ghost of vlindergert the Severer, a journeyman MiFi of the Shining One (D:14)
  3 merfolk javelineers (Shoals:4)
  A minotaur (Lab)
  3 merfolk impalers (Shoals:4)
  Josephine (D:12)
  A vault guard (D:13)
  Erolcha (D:12)
  2 merfolk aquamancers (Shoals:4)
  3 two-headed ogres
  An alligator snapping turtle (Shoals:4)
  A merfolk avatar (Shoals:4)
  6 death scarabs (Spider:4)
  The ghost of ajx the Bludgeoner, a novice MiBe of Trog (Lair:2)
  An orc high priest (Orc:2)
  Nergalle (Lair:2)
  A skeletal warrior (D:15)
  A deep troll (D:14)
  A deep elf mage (Vaults:3)
  A wolf spider (Spider:2)
  2 spectral wolf spiders (Spider:4)
  4 orb spiders
  4 ugly things
  An orc knight (Orc:2)
  A manticore (Shoals:4)
  A vault sentinel (Vaults:3)
  Psyche (D:9)
  A spectral redback (Spider:4)
  5 demonic crawlers
  2 trolls
  A tengu conjurer (Depths:2)
  4 jumping spiders
  2 spectral jumping spiders (Spider:4)
  A hornet (Spider:4)
  2 snapping turtles (Shoals:4)
  A jumping spider zombie (Spider:4)
  8 redbacks
  4 wraiths (D:12)
  A tarantella (shapeshifter) (Depths:2)
  2 tarantellas
  2 hogs (D:14)
  A hungry ghost (D:15)
  5 wargs (Orc:2)
  8 orc warriors (Orc:2)
  5 ice beasts (IceCv)
  A boggart (D:13)
  3 scorpions (Spider:2)
  A crimson imp (D:12)
  9 orcs (Orc:2)
  2 kobolds (D:10)
  A fungus (Orc:2)
  A plant (Shoals:4)
130 creatures vanquished.

Vanquished Creatures (others)
  An ogre mage (Vaults:1)
  A large abomination (Abyss:3)
  A wizard (Vaults:3)
  A deep elf mage (Vaults:2)
  A wind drake (Shoals:3)
  A small abomination (Abyss:3)
  An orc warrior (Vaults:4)
  An ogre (Vaults:2)
  A scorpion (Spider:2)
  A white imp (Abyss:3)
  An ufetubus (Abyss:3)
  10 fungi
  5 lurking horrors
  28 plants
  28 starspawn tentacles
  A withered plant (D:15)
83 creatures vanquished.

Grand Total: 2085 creatures vanquished

Notes
Turn   | Place    | Note
-------+----------+-------------------------------------------
     0 | D:1      | Nattfarinn the Gargoyle Berserker began the quest for the Orb.
     0 | D:1      | Reached XP level 1. HP: 14/14 MP: 1/1
     1 | D:1      | Noticed an electric eel
   159 | D:1      | Reached XP level 2. HP: 18/20 MP: 2/2
   895 | D:2      | Reached XP level 3. HP: 24/24 MP: 3/3
   965 | D:2      | Reached skill level 5 in Fighting
   969 | D:2      | Reached XP level 4. HP: 12/31 MP: 4/4
  1229 | D:2      | Reached ** piety under Trog
  1846 | D:3      | Found a deep blue altar of Sif Muna.
  1853 | D:3      | Reached XP level 5. HP: 34/36 MP: 5/5
  2099 | D:3      | Reached *** piety under Trog
  2288 | D:3      | Found a shadowy altar of Dithmenos.
  2436 | D:3      | Noticed a big kobold
  2443 | D:3      | Killed a big kobold
  2443 | D:3      | Reached XP level 6. HP: 43/44 MP: 6/6
  2678 | D:4      | Noticed a phantom
  2764 | D:4      | Killed a phantom
  2764 | D:4      | Reached XP level 7. HP: 18/50 MP: 7/7
  3145 | D:4      | Found a sparkling altar of Nemelex Xobeh.
  3247 | D:4      | Got a translucent lapis lazuli ring
  3542 | D:5      | Entered Level 5 of the Dungeon
  3572 | D:5      | Found a glowing golden altar of the Shining One.
  3580 | D:5      | Found an opulent altar of Gozag.
  3604 | D:5      | Found Keiss's Distillery.
  3607 | D:5      | Bought a potion of heal wounds for 70 gold pieces
  3671 | D:5      | Got a crude whip
  3672 | D:5      | Identified the +9 whip of Byh Jawe {freeze, rF+} (You found it on level 5 of the Dungeon)
  3699 | D:5      | Identified the ring "Peusm" {*Tele rPois} (You found it on level 4 of the Dungeon)
  3747 | D:5      | Found a staircase to the Ecumenical Temple.
  3820 | D:5      | Reached XP level 8. HP: 57/57 MP: 8/8
  3827 | D:5      | Got a bloodstained mace
  3828 | D:5      | Identified the +5 mace of Unpleasantness {drain, MR++ Str-3 Int+7} (You found it on level 5 of the Dungeon)
  3849 | D:5      | Reached **** piety under Trog
  3888 | D:5      | Reached skill level 10 in Fighting
  4266 | D:6      | Reached skill level 1 in Shields
  4300 | D:6      | Found a sacrificial altar of Ru.
  4338 | D:6      | Found an iron altar of Okawaru.
  4362 | D:6      | Reached skill level 4 in Maces & Flails
  4539 | D:6      | Noticed Pikel
  4576 | D:6      | Killed Pikel
  4576 | D:6      | Reached skill level 5 in Maces & Flails
  4978 | D:7      | Found Jufen's Food Emporium.
  5006 | D:7      | Reached skill level 6 in Maces & Flails
  5006 | D:7      | Reached XP level 9. HP: 62/62 MP: 9/9
  5064 | D:7      | Reached skill level 5 in Shields
  5072 | D:7      | Found Lygiv's Assorted Antiques.
  5203 | D:7      | Reached skill level 7 in Maces & Flails
  5428 | D:7      | Reached skill level 8 in Maces & Flails
  5451 | D:7      | Reached XP level 10. HP: 31/68 MP: 10/10
  5669 | D:7      | Reached ***** piety under Trog
  5914 | D:7      | Reached skill level 9 in Maces & Flails
  6129 | D:8      | Found a shimmering altar of Xom.
  6235 | D:8      | Found a radiant altar of Vehumet.
  6337 | D:8      | Noticed Maurice
  6345 | D:8      | Killed Maurice
  7069 | D:9      | Received a gift from Trog
  7070 | D:9      | Got a smoking great mace {god gift}
  7087 | D:9      | Identified the +8 great mace "Baqoy" {crush, rPois Str-2 Dex-4 SInv} (Trog gifted it to you on level 9 of the Dungeon)
  7112 | D:9      | Found a bloodstained altar of Trog.
  7185 | D:9      | Noticed oldnick's ghost (novice OpVM)
  7201 | D:9      | Killed oldnick's ghost
  7274 | D:9      | Reached skill level 10 in Maces & Flails
  7274 | D:9      | Reached skill level 10 in Shields
  7419 | D:9      | Noticed a two-headed ogre
  7429 | D:9      | Killed a two-headed ogre
  7429 | D:9      | Reached XP level 11. HP: 54/72 MP: 11/11
  7539 | D:9      | Noticed Erica
  7585 | D:9      | Killed Erica
  7736 | D:9      | Noticed Psyche
  7746 | D:9      | Paralysed by Psyche for 7 turns
  7755 | D:9      | Killed Psyche
  7871 | D:9      | Found a staircase to the Lair.
  8036 | D:10     | Entered Level 10 of the Dungeon
  8347 | D:10     | Reached skill level 11 in Maces & Flails
  8459 | D:10     | Noticed Gastronok
  8473 | D:10     | Killed Gastronok
  8526 | D:10     | Noticed Fannar
  8560 | D:10     | Killed Fannar
  8680 | D:10     | Found a flagged portal.
  8934 | D:11     | Noticed a two-headed ogre
  8942 | D:11     | Killed a two-headed ogre
  9052 | D:11     | Reached XP level 12. HP: 77/77 MP: 12/12
  9091 | D:11     | Found a labyrinth entrance.
  9122 | Lab      | Entered a labyrinth
  9727 | Lab      | Noticed a minotaur
  9731 | Lab      | Killed a minotaur
  9737 | Lab      | Got an encrusted great mace
  9737 | Lab      | Got a slimy cloak
  9750 | Lab      | Identified the +2 cloak "Bocinamm" {Regen+ Int+4} (You found it in a labyrinth)
 10115 | D:11     | Got a pair of ancient gloves
 10126 | D:11     | Identified the +5 pair of gloves "Ammits" {Int+2} (You found it on level 11 of the Dungeon)
 10151 | D:11     | Reached skill level 12 in Maces & Flails
 10251 | D:11     | Got a steaming scale mail
 10262 | D:11     | Identified the +3 scale mail "Otweud Uqaro" {rC+ Dex+2} (You found it on level 11 of the Dungeon)
 10477 | D:12     | Noticed a two-headed ogre
 10480 | D:12     | Killed a two-headed ogre
 10695 | D:12     | Noticed a two-headed ogre
 10696 | D:12     | Noticed Erolcha
 10702 | D:12     | Killed a two-headed ogre
 10703 | D:12     | Killed Erolcha
 10709 | D:12     | Noticed Josephine
 10709 | D:12     | Noticed Rupert
 10718 | D:12     | Killed Rupert
 10721 | D:12     | Killed Josephine
 10738 | D:12     | Reached skill level 15 in Shields
 10744 | D:12     | Found a staircase to the Orcish Mines.
 10870 | D:12     | Found a frozen archway.
 10913 | IceCv    | Entered an ice cave
 10932 | IceCv    | Found a transporter.
 11119 | IceCv    | Identified the +7 great mace "Raonak" {crush, Str+4} (You found it in a labyrinth)
 11356 | D:12     | Reached XP level 13. HP: 76/82 MP: 13/13
 12045 | D:13     | Noticed a rakshasa
 12051 | D:13     | Noticed a stone giant
 12069 | D:13     | Killed a stone giant
 12069 | D:13     | Reached skill level 5 in Armour
 12098 | D:13     | Killed a rakshasa
 12098 | D:13     | Received a gift from Trog
 12099 | D:13     | Noticed a vault guard
 12119 | D:13     | Killed a vault guard
 12119 | D:13     | Reached skill level 5 in Dodging
 12152 | D:13     | Found a gate to the Vaults.
 12480 | D:14     | Noticed vlindergert's ghost (journeyman MiFi)
 12498 | D:14     | Killed vlindergert's ghost
 12618 | D:14     | Gained mutation: You passively map a small area around you. [potion of mutation]
 12618 | D:14     | Gained mutation: Your mind is acute. (Int +2) [potion of mutation]
 12618 | D:14     | Gained mutation: You are robust. (+10% HP) [potion of mutation]
 12618 | D:14     | Gained mutation: You are partially covered in yellow scales. (AC +2) [potion of mutation]
 12906 | D:14     | Found a glowing silver altar of Zin.
 12993 | D:14     | Noticed Kirke
 13008 | D:14     | Killed Kirke
 13275 | D:14     | Gained mutation: Your large and strong wings let you fly indefinitely. [Gargoyle growth]
 13275 | D:14     | Reached XP level 14. HP: 96/96 MP: 14/14
 13325 | D:14     | Received a gift from Trog
 13571 | D:15     | Entered Level 15 of the Dungeon
 13801 | D:15     | Found Oduogg's Book Shoppe.
 13802 | D:15     | Found Wejea's Assorted Antiques.
 14064 | D:15     | Found a staircase to the Depths.
 14345 | D:15     | Found a portal to a secret trove of treasure.
 14553 | D:15     | Found a runed door.
 14977 | D:15     | Got a smoking tin ring
 14978 | D:15     | Identified the ring "Bavaeg" {*Tele +Blink} (You found it on level 15 of the Dungeon)
 15271 | Lair:1   | Entered Level 1 of the Lair of Beasts
 15388 | Lair:1   | Reached skill level 10 in Dodging
 15527 | Lair:1   | Found a dark tunnel.
 15538 | Volcano  | Entered a volcano
 15701 | Volcano  | Found a burning altar of Makhleb.
 15716 | Volcano  | Reached skill level 10 in Armour
 15773 | Volcano  | Noticed a red draconian
 15806 | Volcano  | Killed a red draconian
 15806 | Volcano  | Reached XP level 15. HP: 72/101 MP: 15/15
 16403 | Lair:2   | Found a hole to the Spider Nest.
 16420 | Lair:2   | Noticed ajx's ghost (novice MiBe)
 16421 | Lair:2   | Noticed Nergalle
 16429 | Lair:2   | Killed ajx's ghost
 16432 | Lair:2   | Killed Nergalle
 16494 | Lair:2   | Found a staircase to the Shoals.
 17239 | Lair:3   | Noticed Urug
 17251 | Lair:3   | Killed Urug
 18929 | Lair:4   | Received a gift from Trog
 19512 | Lair:5   | Received a gift from Trog
 19943 | Lair:6   | Entered Level 6 of the Lair of Beasts
 19972 | Lair:5   | Received a gift from Trog
 20378 | Lair:6   | Found a staircase to the Slime Pits.
 20742 | Lair:6   | Reached XP level 16. HP: 104/106 MP: 16/16
 20920 | Lair:6   | Identified Sif Muna's Tome of Dusty Sinister Magic
 21502 | Orc:1    | Entered Level 1 of the Orcish Mines
 21553 | Orc:1    | Found Fuomp's Antique Armour Emporium.
 21916 | Orc:1    | Received a gift from Trog
 22004 | Orc:2    | Entered Level 2 of the Orcish Mines
 22004 | Orc:2    | Found Kowed's Antique Weapon Shoppe.
 22124 | Orc:2    | Found Cuyrisuk's Distillery.
 22166 | Orc:2    | Found a roughly hewn altar of Beogh.
 22171 | Orc:2    | Found Ecsuing's Book Emporium.
 22318 | Orc:2    | Found a staircase to the Elven Halls.
 22343 | Orc:2    | Noticed Donald
 22381 | Orc:2    | Found Wysif Qixeym's General Store.
 22456 | Orc:2    | Found Raduur's Antique Armour Boutique.
 22524 | Orc:2    | Killed Donald
 22665 | Orc:2    | Bought the -2 hat of the Alchemist {rElec rPois rF+ rC+ rN+ MR+ rMut rCorr} for 1982 gold pieces
 22801 | Orc:2    | Found a roughly hewn altar of Beogh.
 23241 | Shoals:1 | Entered Level 1 of the Shoals
 23748 | Shoals:1 | Found Qarchac's Armour Boutique.
 23756 | Shoals:1 | Bought a +0 pair of boots of running for 598 gold pieces
 24261 | Shoals:2 | Received a gift from Trog
 24697 | Shoals:2 | Reached XP level 17. HP: 119/119 MP: 17/17
 25126 | Shoals:2 | Noticed Polyphemus
 25172 | Shoals:2 | Killed Polyphemus
 25361 | Shoals:3 | Received a gift from Trog
 25481 | Shoals:3 | Found Sitt's Gadget Emporium.
 25609 | Shoals:3 | Reached skill level 15 in Fighting
 25797 | Shoals:3 | Found Edodoc's Assorted Antiques.
 25820 | Shoals:3 | Found Mafach's Antique Weapon Emporium.
 26029 | Shoals:3 | Found Siatuut's Gadget Shoppe.
 26192 | Shoals:4 | Entered Level 4 of the Shoals
 26470 | Shoals:4 | Noticed Ilsuiw
 26567 | Shoals:4 | Killed Ilsuiw
 26825 | Shoals:4 | Received a gift from Trog
 27001 | Shoals:4 | Got a pair of heavily runed boots
 27038 | Shoals:4 | Identified the +0 pair of boots of Foolhardiness {-Tele rF+ rC++ rN+++} (You found it on level 4 of the Shoals)
 27056 | Shoals:4 | Found Xiefamae's General Store.
 27251 | Shoals:4 | Received a gift from Trog
 27471 | Shoals:4 | Got a barnacled rune of Zot
 27589 | Spider:1 | Entered Level 1 of the Spider Nest
 27915 | Spider:1 | Reached XP level 18. HP: 86/136 MP: 0/18
 28353 | Spider:2 | Reached ****** piety under Trog
 28644 | Spider:2 | Received a gift from Trog
 29609 | Spider:2 | Received a gift from Trog
 29682 | Spider:2 | Identified 3 scrolls of acquirement
 29718 | Spider:3 | Noticed Arachne
 29759 | Spider:2 | Killed Arachne
 29868 | Spider:3 | Got a fine buckler
 29880 | Spider:3 | Identified the +0 buckler of the Page of Wands {rN++ MP-9} (You found it on level 3 of the Spider Nest)
 29966 | Spider:3 | Noticed Louise
 29980 | Spider:3 | Killed Louise
 30022 | Spider:3 | Got a faintly glowing trident
 30036 | Spider:3 | Noticed Jorgrun
 30055 | Spider:3 | Killed Jorgrun
 30180 | Spider:3 | Noticed Nikola
 30388 | Spider:3 | Killed Nikola
 30655 | Spider:4 | Entered Level 4 of the Spider Nest
 30839 | Spider:4 | Received a gift from Trog
 30870 | Spider:4 | Got a crystal morningstar {god gift}
 30871 | Spider:4 | Identified the +3 morningstar "Leaguth" {crush, Int+2} (Trog gifted it to you on level 4 of the Spider Nest)
 31078 | Spider:4 | Reached XP level 19. HP: 83/149 MP: 0/19
 31531 | Spider:4 | Reached skill level 13 in Maces & Flails
 31545 | Spider:4 | Got a warped granite ring
 31546 | Spider:4 | Identified the ring "Miususekk" {Str+4 Dex+2} (You found it on level 4 of the Spider Nest)
 32019 | Spider:4 | Received a gift from Trog
 32157 | Spider:4 | Reached skill level 14 in Maces & Flails
 32671 | Spider:4 | Got a gossamer rune of Zot
 33038 | Vaults:1 | Entered Level 1 of the Vaults
 33453 | Vaults:1 | Reached skill level 15 in Maces & Flails
 33589 | Vaults:1 | Found Vuophutu's Gadget Emporium.
 33664 | Vaults:1 | Found Refuwn's Assorted Antiques.
 33748 | Vaults:1 | Received a gift from Trog
 33963 | Vaults:1 | Found Teiwni's Book Shop.
 33964 | Vaults:1 | Found Kizosung's Armour Shoppe.
 34208 | Vaults:1 | Reached skill level 16 in Maces & Flails
 34606 | Vaults:1 | Found Jari Rang's Armour Shop.
 34709 | Vaults:1 | Reached XP level 20. HP: 149/156 MP: 20/20
 34945 | Vaults:2 | Found Dovarusm's Magic Scroll Shoppe.
 35110 | Vaults:2 | Received a gift from Trog
 35261 | Vaults:2 | Reached skill level 17 in Maces & Flails
 36292 | Vaults:2 | Reached skill level 18 in Maces & Flails
 36924 | Vaults:2 | Received a gift from Trog
 37164 | Vaults:3 | Reached skill level 19 in Maces & Flails
 37378 | Vaults:3 | Found Ydyph's Weapon Emporium.
 37561 | Vaults:3 | Reached XP level 21. HP: 155/161 MP: 21/21
 38168 | Vaults:3 | Noticed Mennas
 38354 | Vaults:3 | Killed Mennas
 38641 | Vaults:3 | Noticed a bone dragon
 38643 | Vaults:3 | Found a staircase to the Crypt.
 38674 | Vaults:3 | Killed a bone dragon
 38934 | Vaults:3 | Reached skill level 20 in Maces & Flails
 39114 | Vaults:3 | Received a gift from Trog
 40223 | Orc:2    | Reached skill level 21 in Maces & Flails
 40292 | Orc:2    | Bought a polished plate armour for 1176 gold pieces
 40306 | Orc:2    | Identified the cursed +1 plate armour "Jerof" {rPois Str+2} (You bought it in a shop on level 2 of the Orcish Mines)
 40897 | Vaults:4 | Found Sesmap's Magic Scroll Shoppe.
 40953 | Vaults:4 | Received a gift from Trog
 41201 | Depths:1 | Entered Level 1 of the Depths
 41251 | Depths:1 | Reached XP level 22. HP: 140/168 MP: 7/22
 41528 | Depths:1 | Found a gateway to Hell.
 41562 | Depths:1 | Reached skill level 22 in Maces & Flails
 41816 | Depths:1 | Found a one-way gate leading to the halls of Pandemonium.
 42224 | Depths:2 | Received a gift from Trog
 42412 | Depths:2 | Noticed the Enchantress
 42800 | Depths:2 | Cast into level 2 of the Abyss (the Enchantress)
 43361 | Abyss:3  | Found a corrupted altar of Lugonu.
 43546 | Abyss:3  | Found a corrupted altar of Lugonu.
 43651 | Abyss:3  | Reached skill level 15 in Armour
 43798 | Abyss:3  | Paralysed by you for 5 turns
 43841 | Abyss:3  | Received a gift from Trog
 44098 | Abyss:3  | Paralysed by accursed screaming for 1 turns
 44112 | Abyss:3  | Found a runed door.
 44139 | Abyss:3  | Found a burning altar of Makhleb.
 44166 | Abyss:3  | Paralysed by accursed screaming for 1 turns
 44171 | Abyss:3  | Paralysed by accursed screaming for 1 turns
 44178 | Abyss:3  | Paralysed by accursed screaming for 1 turns
 44259 | Abyss:3  | Paralysed by accursed screaming for 1 turns
 44573 | Abyss:3  | Found a corrupted altar of Lugonu.
 45051 | Abyss:3  | Reached XP level 23. HP: 94/173 MP: 7/23
 45215 | Abyss:3  | Received a gift from Trog
 45565 | Abyss:3  | Paralysed by you for 6 turns
 45569 | Abyss:3  | Noticed an ancient lich
 45591 | Abyss:3  | Killed an ancient lich
 45915 | Abyss:3  | Paralysed by accursed screaming for 2 turns
 45921 | Abyss:3  | Paralysed by accursed screaming for 2 turns
 45932 | Abyss:3  | Paralysed by accursed screaming for 2 turns
 45971 | Abyss:3  | Found a corrupted altar of Lugonu.
 46066 | Abyss:3  | Gained mutation: Scrolls take you a little longer to read. [a shining eye]
 46121 | Abyss:3  | Paralysed by a floating eye for 2 turns
 46135 | Abyss:3  | Paralysed by a floating eye for 2 turns
 46153 | Abyss:3  | Received a gift from Trog
 46198 | Abyss:3  | Paralysed by accursed screaming for 1 turns
 46469 | Abyss:3  | Found a snail-covered altar of Cheibriados.
 46497 | Abyss:3  | Found a corrupted altar of Lugonu.
 46620 | Abyss:3  | Paralysed by accursed screaming for 1 turns
 46629 | Abyss:3  | Got an abyssal rune of Zot
 46636 | Abyss:3  | Paralysed by accursed screaming for 2 turns
 46641 | Abyss:3  | Paralysed by accursed screaming for 2 turns
 46642 | Abyss:3  | HP: 3/173 [starcursed mass/accursed screaming (11)]
 46646 | Abyss:3  | Paralysed by accursed screaming for 2 turns
 46647 | Abyss:3  | HP: 8/173 [starcursed mass (5)]
 46756 | Depths:2 | Escaped the Abyss
 46799 | Depths:2 | HP: 2/173 [something (15)]
 46800 | Depths:2 | Demolished by the Enchantress

Skill      XL: |  1  2  3  4  5  6  7  8  9 10 11 12 13 14 15 16 17 18 19 20 21 22 23 |
---------------+----------------------------------------------------------------------+-----
Fighting       | 4 5 6 7 8 9 10 13 17 20 | 20.5
Shields        | 4 7 10 13 15 | 15.7
Maces & Flails | 6 8 10 11 12 16 19 21 22 | 22.1
Dodging        | 7 10 13 14 | 14.0
Armour         | 7 10 11 12 16 19 | 19.2

Action                   |  1- 3 |  4- 6 |  7- 9 | 10-12 | 13-15 | 16-18 | 19-21 | 22-24 || total
-------------------------+-------+-------+-------+-------+-------+-------+-------+-------++-------
Melee: Mace              |    66 |       |       |       |       |       |       |       ||    66
       Halberd           |    18 |   322 |    65 |       |       |       |       |       ||   405
       Whip              |       |       |   273 |   826 |  1864 |  2890 |  2697 |       ||  8550
       Eveningstar       |       |       |       |       |       |       |   400 |  1412 ||  1812
       Unarmed           |       |       |       |       |       |       |       |    15 ||    15
Invok: Berserk           |     1 |     1 |     1 |     3 |       |       |       |       ||     6
       Burn Spellbooks   |       |       |       |     3 |     2 |     8 |     3 |     1 ||    17
       Brothers in Arms  |       |       |       |     8 |    10 |    14 |     6 |     4 ||    42
       Trog's Hand       |       |       |       |       |       |       |       |     3 ||     3
 Abil: Fly               |       |       |       |       |     1 |       |       |       ||     1
  Use: Potion            |     2 |     2 |       |       |     3 |     3 |     7 |    28 ||    45
       Scroll            |       |       |     6 |     3 |    11 |    17 |     9 |    17 ||    63
 Stab: Held in net/web   |       |       |       |       |     1 |       |       |       ||     1
       Distracted        |       |       |       |       |       |     1 |       |       ||     1
       Petrifying        |       |       |       |       |       |       |       |     2 ||     2
  Eat: Chunk             |       |     9 |    23 |    36 |    37 |    35 |    40 |     6 ||   186
       Fruit             |       |       |     1 |     1 |       |       |       |       ||     2
       Royal jelly       |       |       |       |       |       |       |     1 |       ||     1
       Meat ration       |       |       |       |       |       |       |       |     2 ||     2
Armor: Animal skin       |    33 |       |       |       |       |       |       |       ||    33
       Chain mail        |    19 |    53 |       |       |       |       |       |       ||    72
       Scale mail        |       |   208 |    86 |    84 |   445 |   870 |   844 |       ||  2537
       Plate armour      |       |       |    62 |   155 |       |       |    66 |   844 ||  1127
Dodge: Dodged            |    60 |   235 |    94 |   103 |   500 |  1435 |  1273 |   737 ||  4437
Block: Shield            |       |       |    92 |   418 |   927 |  1885 |  1743 |  1103 ||  6168
       Buckler           |       |       |       |       |       |     8 |       |       ||     8
